woodfighter, chaotic female elven Rogue ------- --------- ..... |...<...-- |.... |........| |.. |.........######################f########### . |........| #---------------@u############## --.......|#######|.............|# # # ---- -------+- # |.............|### # |..| ## ### |.............|# # # # `######-..| # # |..............###### # # |..| ###### ### |.............|# # # ### |..| ---.- # ---------------# ### ### # |..| |..>-######## ######## # # ### ---- |.).| ### --|------ # |....#### # |..%....| # ----- ##........-###### |.......| |.......| --------- woodfighter the Rogue Experience level: 6 Strength: 17 Dexterity: 19 Constitution: 14 Intelligence: 12 Wisdom: 12 Charisma: 7 Health: 0(45) Energy: 39(39) Def: 4 Gold: 261 Moves: 3699 Dungeon seed: mTsrkRZtz0R9rtnK Game ID: woodfighter_1511263228 Your Inventory: Coins $ - 261 gold pieces Weapons a - the rustproof +1 Valerian (weapon in hand) b - 13 +0 elven daggers (in quiver) v - a +0 elven dagger Armor e - an uncursed +1 leather armor (being worn) r - an uncursed +0 pair of kicking boots (being worn) Comestibles k - an uncursed tin of rabid rat meat Z - an uncursed tripe ration Potions u - an uncursed potion of healing w - an uncursed potion of hallucination Rings l - a cursed ring of sustain ability n - an uncursed +3 ring of gain strength (on left hand) Wands h - a wand of opening (0:3) i - a wand of striking (0:7) m - a wand of create monster (0:9) Tools g - an uncursed blindfold s - an uncursed sack y - an uncursed lock pick Contents of the sack: 150 gold pieces an uncursed eucalyptus leaf an uncursed sprig of wolfsbane an uncursed scroll of destroy armor an uncursed scroll of enchant weapon a [cursed] scroll of light an uncursed scroll of remove curse a [cursed] scroll of remove curse a [uncursed] scroll of scare monster a blessed scroll of taming a [uncursed] scroll of teleportation a [uncursed] potion of full healing an uncursed potion of levitation a cursed potion of polymorph 2 uncursed potions of sickness a [uncursed] potion of sleeping Spells and supernatural/magical abilities: Name Level Category Fail Memory W - pray for help -- divine ? -- Your skills at the end: Miscellaneous Skills wands [Basic] Weapon Skills dagger [Basic] short sword [Basic] Spellcasting Skills Final Attributes: You were piously aligned. You were sleep resistant. Your writing hand was ok. You had infravision. You were stealthy. You are dead. Vanquished creatures: a wolf a dust vortex a soldier ant a gray ooze 3 giant ants 2 floating eyes 2 hill orcs a rabid rat 2 jitterbugs a coyote 2 hobbits a large kobold 3 geckos 4 giant rats 4 cave spiders a yellow mold a gnome zombie 8 jackals a fox a kobold 8 newts 2 goblins 8 grid bugs 5 bats a lichen 3 kobold zombies 68 creatures vanquished. Voluntary challenges: You did not cause conflict. You were not invisible. You did not have reflection. You were not displaced. You used a wielded weapon 79 times, starting on turn 9. You did not apply a unicorn horn. You did not use plumbed fixtures. You did not drink any magical draughts. You read items or engraved 1 time, starting on turn 2056. You never genocided any monsters. You never polymorphed an object. You never changed form. You used no wishes. You never split a pudding. You never wrote Elbereth's name. You never violated your personal moral code. Dungeon overview: The Dungeons of Doom: levels 1 to 9 Level 1 a long staircase Level 2 an altar to Kos, some fountains stairs to The Gnomish Mines Level 3 a scroll shop, a fountain Level 4 an altar to Kos Level 5 Level 6 Level 7 a fountain Level 8 <- You were here Level 9 The Gnomish Mines: Level 3 stairs to The Dungeons of Doom History has recorded: On T:1 you entered the Dungeons of Doom to retrieve the Amulet of Yendor! On T:210 you reached level 2 of The Dungeons of Doom. On T:505 you reached level 1 of The Gnomish Mines. On T:803 you reached level 3 of The Dungeons of Doom. On T:871 you advanced to experience level 2. On T:1009 you prayed to Kos. On T:1027 you reached level 4 of The Dungeons of Doom. On T:1291 you advanced to experience level 3. On T:1678 you advanced to experience level 4. On T:1747 you reached level 5 of The Dungeons of Doom. On T:1860 you received Valerian from Kos. On T:2135 you reached level 6 of The Dungeons of Doom. On T:2286 you prayed to Kos. On T:2791 you advanced to experience level 5. On T:2928 you reached level 7 of The Dungeons of Doom. On T:3265 you reached level 8 of The Dungeons of Doom. On T:3401 you reached level 9 of The Dungeons of Doom. On T:3651 you advanced to experience level 6. Score breakdown: Gold: 411 ( 41 points) Experience: 6 levels ( 500 points) Exploration: 9 levels ( 240 points) Discoveries: 19 items ( 950 points) Variety of kills: 26 monsters ( 1300 points) Major goal: (nothing yet) ( 0 points) Survival: died (score multiplied by 3) Total score: 9093 Latest messages: You stop searching. You stop. Kitty is in the way! (2x) You hear some noises. You displace kitty. The soldier ant bites! The soldier ant stings! The soldier ant bites! The soldier ant stings! Your sweetly-scented blade puts the soldier ant to sleep. You catch the soldier ant at a disadvantage! (2x) You kill the soldier ant! You stop exploring. The wolf bites! Your sweetly-scented blade puts the wolf to sleep. You catch the wolf at a disadvantage! (2x) You kill the wolf! Welcome to experience level 6. The door resists! The door opens. You stop exploring. The gray unicorn butts! The gray unicorn kicks! The gray unicorn butts! The gray unicorn kicks! You stab the gray unicorn! The gray unicorn butts! You die... Final status: Goodbye woodfighter the Rogue, killed by a gray unicorn... You died in The Dungeons of Doom on dungeon level 8 with 9093 points, and 411 pieces of gold, after 3699 moves. You were level 6 with a maximum of 45 hit points when you died.